 Dungeon Crawl Stone Soup version 0.31.0 (webtiles) character file.

Game seed: 12069958311541204440

88 qw the Shooter (level 4, -3/28 HPs)
             Began as a Gargoyle Hunter on Jan 19, 2024.
             Slain by a goblin
             ... wielding a +0 dagger
             ... led by Robin
              (5 damage)
             ... on level 3 of the Dungeon.
             The game lasted 00:00:06 (1490 turns).

qw the Shooter (Gargoyle Hunter)                    Turns: 1490, Time: 00:00:06

Health: -3/28      AC:  7    Str: 15    XL:     4   Next: 53%
Magic:  4/4        EV: 11    Int:  9    God:
Gold:   112        SH:  0    Dex: 15    Spells: 3/3 levels left

rFire   . . .        a - +0 shortbow
rCold   + . .        (shield currently unavailable)
rNeg    + . .        c - +0 leather armour
rPois   inf          (no helmet)
rElec   +            (no cloak)
rCorr   .            h - +0 pair of gloves
SInv    .            (no boots)
Will    .....        (no amulet)
Stlth   ++           g - ring of protection from cold
HPRegen 0.24/turn    (no ring)
MPRegen 0.09/turn

%: no passive effects
@: no status effects
A: sickness immunity, AC +3, negative energy resistance 1, electricity
resistance, torment resistance 1, petrification resistance
a: no special abilities


You were on level 3 of the Dungeon.
You visited 1 branch of the dungeon, and saw 3 of its levels.

You collected 112 gold pieces.


Innate Abilities, Weirdness & Mutations

You are immune to sickness and miasma.
Your stone body is resilient. (AC +3)
You are immune to poison.
You resist negative energy. (rN+)
You are resistant to electric shocks. (rElec)
You are resistant to unholy torment.
You are immune to petrification.


   Skills:
 - Level 3.5 Fighting
 + Level 5.2 Ranged Weapons
 - Level 1.5 Dodging
 - Level 1.1 Stealth


You had 3 spell levels left.
You didn't know any spells.
Your spell library was empty.

Inventory:

Hand Weapons
 a - a +0 shortbow (weapon)
Armour
 c - a +0 leather armour (worn)
 h - a +0 pair of gloves (worn)
Jewellery
 g - a ring of protection from cold (left hand)
Potions
 d - a potion of cancellation
 i - 2 potions of haste

Dungeon Overview and Level Annotations

Branches:
Dungeon (3/15)

Altars:

Annotations:
D:2 1 runed translucent door, Crazy Yiuf
D:3 Robin


Message History

You shoot an arrow. The arrow closely misses the goblin.
A goblin comes into view. It is wielding a +0 dagger.
The goblin closely misses you. Robin throws the goblin at you!
The goblin hits you but does no damage.
You shoot an arrow. The arrow hits the goblin.
The goblin is severely wounded.
The goblin hits you but does no damage.
Robin roars a battlecry!
The goblins go into a battle-frenzy!
The goblin hits you but does no damage. The goblin misses you.
You shoot an arrow. The arrow hits the goblin.
You kill the goblin!
The goblin hits you with a +0 club.
Robin hits you from afar with a +0 spear.
The goblin hits you but does no damage. The goblin misses you.
The hobgoblin misses you. Robin throws the goblin at you!
The goblin barely misses you.
You shoot an arrow. The arrow hits the hobgoblin!
You kill the hobgoblin!
The adder bites you.
Robin hits you from afar with a +0 spear.
The goblin hits you but does no damage. x2; The goblin hits you with a +0 club.
You shoot an arrow. The arrow hits the adder.
The adder is heavily wounded.
The adder misses you.
Robin hits you from afar with a +0 spear.
The goblin hits you but does no damage. The goblin closely misses you.
The goblin hits you with a +0 dagger.
You shoot an arrow. The arrow barely misses the adder.
The adder closely misses you. The goblin closely misses you.
Robin says, "A pitiful Gargoyle like you will never find the ORB!"
The goblin closely misses you. The goblin hits you with a +0 dagger.
The adder bites you but does no damage.
You shoot an arrow. The arrow hits the adder!
You kill the adder!
Robin closely misses you. The goblin hits you with a +0 club.
The goblin closely misses you. The goblin hits you but does no damage.
You shoot an arrow. The arrow closely misses the goblin.
The goblin hits you but does no damage. The goblin hits you with a +0 dagger.
You die...

#.......########....##
#..<...........<%.....
#.......#######......#
###.......# #.......
#.........# #.###..#
#.###.#.### ... .#
#....# #.# #
#..######... #..
#..g@g...# ###
#..g#g.....#
#....g.#.#.# #.#.#..#
# ...#.#...
#####.#>##. #.#.# .#
#.#.# #


You could see Robin and 4 goblins.

Vanquished Creatures
  An orc wizard (D:2)
  A gnoll (D:1)
  An adder (D:3)
  A dart slug (D:3)
  2 orcs (D:2)
  5 bats
  2 endoplasms
  8 goblins
  3 hobgoblins
  2 jackals (D:1)
  A quokka (D:1)
  3 ball pythons
  A frilled lizard (D:2)
  3 kobolds (D:1)
  3 rats
37 creatures vanquished.

Notes
Turn   | Place    | Note
-------+----------+-------------------------------------------
     0 | D:1      | qw the Gargoyle Hunter began the quest for the Orb.
     0 | D:1      | Reached XP level 1. HP: 12/12 MP: 1/1
     0 | D:1      | 0 ||| qw: Version: 0.3-a-132-g3d54051
     0 | D:1      | 0 ||| qw: Game counter: 149
     0 | D:1      | 0 ||| qw: Melee chars always use a shield: true
     0 | D:1      | 0 ||| qw: God list: Okawaru
     0 | D:1      | 0 ||| qw: Allow faded altars: false
     0 | D:1      | 0 ||| qw: Do Orc after clearing Dungeon:15 true
     0 | D:1      | 0 ||| qw: Do second Lair branch before Depths: true
     0 | D:1      | 0 ||| qw: Lair rune preference: random
     0 | D:1      | 0 ||| qw: Goals: Normal
     0 | D:1      | 0 ||| PLANNING D:1-11
   101 | D:1      | You fall into a shaft and drop 1 floor!
   186 | D:2      | 186 ||| FLEEEEING.
   190 | D:2      | 190 ||| STAIRDANCE
   193 | D:1      | Reached XP level 2. HP: 17/17 MP: 2/2
   309 | D:1      | Reached XP level 3. HP: 21/21 MP: 3/3
   442 | D:1      | Reached skill level 5 in Ranged Weapons
   586 | D:1      | 586 ||| UPGRADING to ring of protection from cold.
   587 | D:1      | 587 ||| READING scroll labelled MACOOFEAFE.
   588 | D:1      | 588 ||| READING 2 scrolls labelled PEABUSSUCLA.
   588 | D:1      | 588 ||| IDENTIFYING fizzy inky potion
   589 | D:1      | 589 ||| READING scroll of identify.
   589 | D:1      | 589 ||| IDENTIFYING bubbling dark potion
   590 | D:1      | 590 ||| READING scroll labelled NYOGEDWUUTATZ.
   591 | D:1      | 591 ||| READING scroll labelled UPO CIATAPIKASCH.
   591 | D:1      | 591 ||| ENCHANTING +0 shortbow.
   592 | D:1      | 592 ||| DROPPING scroll of butterflies.
   593 | D:1      | 593 ||| DROPPING potion of magic.
   652 | D:2      | 652 ||| FLEEEEING.
   653 | D:2      | 653 ||| STAIRDANCE
   784 | D:2      | Found a runed translucent door.
   785 | D:2      | Noticed Crazy Yiuf
  1151 | D:2      | 1151 ||| UPGRADING to +0 pair of gloves.
  1156 | D:2      | 1156 ||| READING 3 scrolls of identify.
  1156 | D:2      | 1156 ||| IDENTIFYING viscous pink potion
  1157 | D:2      | 1157 ||| READING 2 scrolls of identify.
  1157 | D:2      | 1157 ||| IDENTIFYING 2 metallic blue potions
  1158 | D:2      | 1158 ||| READING scroll of identify.
  1158 | D:2      | 1158 ||| IDENTIFYING scroll labelled KETOEGREGUY
  1159 | D:2      | 1159 ||| DROPPING scroll of vulnerability.
  1196 | D:3      | 1196 ||| STAIRDANCE
  1269 | D:3      | 1269 ||| STAIRDANCE
  1362 | D:3      | 1362 ||| STAIRDANCE
  1367 | D:2      | 1367 ||| DRINKING potion of curing.
  1367 | D:2      | 1367 ||| (to cure confusion)
  1370 | D:2      | Reached skill level 3 in Fighting
  1370 | D:2      | Reached XP level 4. HP: 24/28 MP: 4/4
  1377 | D:2      | 1377 ||| FLEEEEING.
  1476 | D:3      | Noticed Robin
  1488 | D:3      | HP: 7/28 [goblin/+0 dagger[Robin] (3)]
  1489 | D:3      | HP: 2/28 [goblin/+0 club[Robin] (5)]
  1490 | D:3      | Slain by a goblin

Levels and vault maps discovered:
D:1:      dpeg_chamrin_arrival_tetris, layout_rooms
D:2:      layout_basic, hangedman_abyss_or_decor_stabs,
          guppyfry_early_lair_pool, uniq_crazy_yiuf_cottage
D:3:      layout_basic, uniq_robin

Skill      XL: |  1  2  3 |
---------------+----------+-----
Ranged Weapons | 5 |  5.2
Fighting       | 3 |  3.5
Dodging        | |  1.5
Stealth        | |  1.1

Action                     |  1- 3 |  4- 6 || total
---------------------------+-------+-------++-------
   Fire: Shortbow          |    94 |    26 ||   120
    Use: Scroll            |     8 |       ||     8
         Potion            |     1 |       ||     1
 Armour: Leather armour    |    34 |    34 ||    68
  Dodge: Dodged            |    24 |    21 ||    45

Table legend:
 A = Non-vault XP
 B = Vault XP
 C = Vault XP percentage of total XP
 D = Non-vault monster count
 E = Vault monster count
 F = Vault count percentage of total count
                 A         B        C        D         E       F
            +---------+---------+-------+---------+---------+-------
      Total |     122 |       4 |   3.2 |      35 |       2 |   5.4
            +---------+---------+-------+---------+---------+-------
        D:1 |      46 |       0 |   0.0 |      19 |       0 |   0.0
        D:2 |      58 |       0 |   0.0 |      14 |       0 |   0.0
        D:3 |      18 |       4 |  18.2 |       2 |       2 |  50.0
            +---------+---------+-------+---------+---------+-------
